 Dungeon Crawl Stone Soup version 0.19-a0-994-g3c636f0 (webtiles) character file.

4256 4thArraOfDagon the Grappler (level 10, -8/91 HPs)
             Began as a Troll Abyssal Knight on July 16, 2016.
             Was an Elder of Lugonu.
             Mangled by an ice beast (19 damage)
             ... on level 10 of the Dungeon.
             The game lasted 00:14:59 (3436 turns).

4thArraOfDagon the Grappler (Troll Abyssal Knight)  Turns: 3436, Time: 00:15:00

Health: -8/91      AC:  6    Str: 22    XL:     10   Next: 10%
Magic:  8/14       EV:  8    Int: 15    God:    Lugonu [****..]
Gold:   519        SH:  4    Dex: 11    Spells: 2 memorised, 5 levels left

rFire  + + +     SeeInvis .       - Unarmed
rCold  x . .     Gourm    +     d - fire dragon hide
rNeg   . . .     Faith    .     (no shield)
rPois  +         Spirit   .     (helmet restricted)
rElec  .         Dismiss  .     D - +0 cloak
rCorr  +         Reflect  +     (gloves unavailable)
SustAt .         Harm     .     (boots unavailable)
MR     .....                    e - +4 amulet of reflection
Stlth  ..........               (no ring)
                                p - ring of resist corrosion

@: not resistant to hostile enchantments, extremely unstealthy
A: unfitting armour, antennae 1, claws 3, agile 1, blurry vision 1, clever 2,
deformed body, fire resistance 1, fast metabolism 3, gourmand, poison
resistance, regeneration 2, shaggy fur 1, tough skin 2, no device heal 1
a: Depart the Abyss, Bend Space, Banish, Corrupt, Renounce Religion


You were on level 10 of the Dungeon.
You worshipped Lugonu.
Lugonu was greatly pleased with you.
You were full.

You visited 2 branches of the dungeon, and saw 11 of its levels.
You visited the Abyss 1 time.

You collected 519 gold pieces.

Inventory:

Hand Weapons
 N - a +0 giant spiked club
Missiles
 L - a throwing net (quivered)
Armour
 d - a fire dragon hide (worn)
 D - a +0 cloak (worn)
Magical Staves
 P - an uncursed staff of cold {unknown}
Jewellery
 e - a +4 amulet of reflection (around neck)
 p - a ring of resist corrosion (left claw)
 u - an uncursed amulet of harm
Wands
 y - a wand of lightning (0/15)
 z - a wand of polymorph (16/24)
 A - a wand of digging (10/24)
 C - a wand of flame (20/48)
 G - a wand of flame (18/48)
 O - a wand of paralysis (10/24)
Scrolls
 c - 5 scrolls of teleportation {unknown}
 f - 3 scrolls of identify {unknown}
 h - 4 scrolls of remove curse
 j - 2 scrolls of recharging {unknown}
 o - 2 scrolls of random uselessness {unknown}
 q - 2 scrolls of enchant weapon {unknown}
 t - a scroll of immolation {unknown}
 x - 2 scrolls of noise {unknown}
 E - a scroll of torment {unknown}
 J - 2 scrolls of enchant armour {unknown}
 Q - a scroll of magic mapping {unknown}
Potions
 g - 3 potions of curing
 i - 3 potions of flight {unknown}
 m - a potion of lignification {unknown}
 n - a potion of magic {unknown}
 r - 5 potions of heal wounds {unknown}
 s - 2 potions of might {unknown}
 v - a potion of ambrosia {unknown}
 w - a potion of berserk rage {unknown}
 B - 2 potions of mutation {unknown}
 F - a potion of degeneration {unknown}
 I - a potion of resistance {unknown}
 K - a potion of cure mutation {unknown}
Books
 H - a book of Minor Magic

   Spells                             Type                      Level
   a - Magic Dart                     Conjuration                  1
   b - Blink                          Translocation                2
   c - Call Imp                       Summoning                    2
   d - Repel Missiles                 Charms/Air                   2
   e - Slow                           Hexes                        2
   f - Conjure Flame                  Conjuration/Fire             3
   g - Mephitic Cloud                 Conjuration/Poison/Air       3
Miscellaneous
 a - a fan of gales
Comestibles
 b - 10 bread rations
 k - a royal jelly
 l - 5 meat rations
 M - 6 beef jerkies


   Skills:
 + Level 3.5 Fighting
 + Level 3.5 Dodging
 * Level 11.3 Unarmed Combat
 + Level 7.5 Invocations


You had 5 spell levels left.
You knew the following spells:

 Your Spells              Type           Power        Failure   Level  Hunger
a - Repel Missiles        Chrm/Air       #.....       96%         2    ###....
b - Blink                 Tloc           N/A          96%         2    ###....


Dungeon Overview and Level Annotations

Branches:
Dungeon (10/15)               Orc (1/2) D:10
 Temple: D:4-7         Lair: D:8-11

Altars:
Ashenzari
Dithmenos
Fedhas
Nemelex Xobeh
Okawaru
Pakellas
Sif Muna
Trog
Uskayaw

Shops:
D:10 ([


Innate Abilities, Weirdness & Mutations

You are too large for most types of armour.
You have claws for hands.
Your metabolism is lightning-fast.
You like to eat raw meat.
You heal very quickly.
You are covered in fur. (AC +1)
You have very tough skin. (AC +2)
You have a pair of small antennae on your head.
You are agile. (Dex +2)
Scrolls take you a little longer to read.
Your mind is very acute. (Int +4)
Armour fits poorly on your strangely shaped body.
Your flesh is heat resistant. (rF+)
Your system is resistant to poisons. (rPois)
Potions and wands are less effective at restoring your health.


Message History

The giant frog barely misses you.
Unknown command.
Press: ? - help, Shift-Dir - straight line, f/p - ice beast
Aim: an ice beast (chance to defeat MR: 85%)
The ice beast barely resists.
You feel somewhat less full. The giant frog hits you!
* * * LOW HITPOINT WARNING * * *
The ice beast hits you.
* * * LOW HITPOINT WARNING * * *
The ice beast freezes you!
You feel a terrible chill!
* * * LOW HITPOINT WARNING * * *
Unknown command.
It was a potion of curing.
Your system partially rejects the healing.
You feel better. The giant frog hits you!
* * * LOW HITPOINT WARNING * * *
The ice beast hits you.
* * * LOW HITPOINT WARNING * * *
The ice beast freezes you!!
You feel a terrible chill!
You die...

#####.####
.......:.#
########.##
#....######
#....##.... ### =$
#....# .... ####!(
#....# #.o ....#
######....####.Y###
.... ......<.....#
#@.# ..#
............#
#.F##..#
.....###..####
###O.# .∩...#
#......####..#
.....#
#.#####..##.##
.>...# #.# #......#
)....# #.# #.....##
.∩...# #.# #......#
.)...# #.# #......#


You could see an orc warrior, an ice beast, an ogre and a giant frog.

Vanquished Creatures
  A two-headed ogre (D:9)
  Eustachio (D:6)
  A hippogriff (D:10)
  A hungry ghost (D:8)
  Duvessa (D:6)
  2 orc warriors
  2 ice beasts
  2 sky beasts
  A black bear (D:9)
  3 ogres (D:9)
  3 centaurs (D:7)
  A crocodile (D:9)
  2 big kobolds
  11 giant frogs
  Dowan (D:6)
  3 scorpions
  3 killer bees (D:8)
  A centaur zombie (D:10)
  A crimson imp (D:10)
  A quasit (D:6)
  4 hounds
  4 jellies
  5 orc priests
  Crazy Yiuf (D:7)
  3 iguanas
  7 orc wizards
  4 worker ants
  A hound skeleton (D:5)
  Robin (D:2)
  7 adders
  3 shadow imps (D:9)
  3 oozes
  A worm (D:2)
  3 dart slugs
  4 giant geckos
  18 orcs
  4 giant cockroaches
  6 hobgoblins
  7 jackals
  14 kobolds
  3 quokkas
  3 bats
  3 giant newts
  13 goblins
  A quokka zombie (D:5)
  9 rats
174 creatures vanquished.

Vanquished Creatures (others)
  2 wasps
  An eye of draining (D:10)
  A goblin (D:2)
4 creatures vanquished.

Grand Total: 178 creatures vanquished

Notes
Turn   | Place    | Note
-------+----------+-------------------------------------------
     0 | Abyss:1  | 4thArraOfDagon the Troll Abyssal Knight began the quest for the Orb.
     0 | Abyss:1  | Reached XP level 1. HP: 22/22 MP: 1/1
    45 | Abyss:2  | Noticed a fire giant simulacrum
    51 | Abyss:2  | Noticed a rust devil
    61 | Abyss:2  | Noticed a rakshasa
    61 | Abyss:2  | Noticed a small abomination
    62 | D:1      | Escaped the Abyss
   230 | D:1      | Reached XP level 2. HP: 25/29 MP: 2/2
   270 | D:2      | Found an iron altar of Okawaru.
   277 | D:2      | Reached * piety under Lugonu
   330 | D:2      | Reached XP level 3. HP: 29/36 MP: 3/3
   351 | D:2      | Noticed Robin
   410 | D:2      | Reached skill level 3 in Unarmed Combat
   412 | D:2      | Killed Robin
   412 | D:2      | Reached XP level 4. HP: 16/44 MP: 4/4
   419 | D:2      | Reached ** piety under Lugonu
   475 | D:2      | Found a bloodstained altar of Trog.
  1034 | D:3      | Found a sparkling altar of Nemelex Xobeh.
  1193 | D:4      | Reached skill level 4 in Unarmed Combat
  1193 | D:4      | Reached XP level 5. HP: 50/50 MP: 6/6
  1311 | D:4      | Found a shattered altar of Ashenzari.
  1401 | D:4      | Reached *** piety under Lugonu
  1414 | D:4      | Reached XP level 6. HP: 58/59 MP: 7/7
  1433 | D:4      | Reached skill level 5 in Unarmed Combat
  1475 | D:5      | Entered Level 5 of the Dungeon
  1892 | D:5      | Found an oddly glowing altar of Pakellas.
  1892 | D:5      | Found a deep blue altar of Sif Muna.
  1915 | D:6      | Noticed Duvessa
  1924 | D:6      | Noticed Dowan
  1929 | D:6      | Killed Duvessa
  1929 | D:6      | Reached skill level 6 in Unarmed Combat
  1929 | D:6      | Reached XP level 7. HP: 52/66 MP: 9/9
  1930 | D:6      | Killed Dowan
  1966 | D:6      | Noticed Eustachio
  1978 | D:6      | Killed Eustachio
  1978 | D:6      | Reached skill level 7 in Unarmed Combat
  1978 | D:6      | Reached skill level 5 in Invocations
  2084 | D:6      | Reached XP level 8. HP: 69/74 MP: 10/10
  2116 | D:6      | Reached skill level 8 in Unarmed Combat
  2153 | D:6      | Reached **** piety under Lugonu
  2344 | D:7      | Reached skill level 9 in Unarmed Combat
  2381 | D:8      | Gained mutation: Your mind is acute. (Int +2) [mutagenic meat]
  2384 | D:8      | Gained mutation: Scrolls take you a little longer to read. [mutagenic meat]
  2387 | D:8      | Gained mutation: You have a pair of small antennae on your head. [mutagenic meat]
  2390 | D:8      | Gained mutation: You are agile. (Dex +2) [mutagenic meat]
  2393 | D:8      | Gained mutation: Your system is resistant to poisons. (rPois) [mutagenic meat]
  2396 | D:8      | Gained mutation: Potions and wands are less effective at restoring your health. [mutagenic meat]
  2416 | D:7      | Found a shadowy altar of Dithmenos.
  2450 | D:7      | Found a runed door.
  2454 | D:7      | Noticed Crazy Yiuf
  2457 | D:7      | Killed Crazy Yiuf
  2507 | D:8      | Gained mutation: Your flesh is heat resistant. (rF+) [mutagenic meat]
  2510 | D:8      | Gained mutation: Armour fits poorly on your strangely shaped body. [mutagenic meat]
  2513 | D:8      | Gained mutation: Your mind is very acute. (Int +4) [mutagenic meat]
  2518 | D:8      | Found a hide-covered altar of Uskayaw.
  2709 | D:8      | Reached XP level 9. HP: 70/80 MP: 12/12
  2783 | D:9      | Reached skill level 10 in Unarmed Combat
  2817 | D:9      | Found a blossoming altar of Fedhas.
  3036 | D:9      | Reached ***** piety under Lugonu
  3036 | D:9      | Reached skill level 11 in Unarmed Combat
  3252 | D:10     | Entered Level 10 of the Dungeon
  3252 | D:10     | Found Ufabb's Weapon Emporium.
  3252 | D:10     | Found a staircase to the Orcish Mines.
  3252 | D:10     | Found Lykeg's Armour Emporium.
  3286 | D:10     | Learned a level 2 spell: Repel Missiles
  3289 | D:10     | Learned a level 2 spell: Blink
  3336 | Orc:1    | Entered Level 1 of the Orcish Mines
  3343 | D:10     | Reached XP level 10. HP: 64/91 MP: 14/14
  3436 | D:10     | Mangled by an ice beast

Vault maps used:
D:1:      lemuel_arrival_muddy
D:2:      okawaru_trees_2, old_standard_altar, marbit_many_paths, hex_tiny,
          uniq_terence, uniq_robin, uniq_sigmund
D:3:      minmay_wonky_spiral, nemelex_diamond_rough_becter
D:4:      cheibrodos_ashenzari_chains, first_bread, serial_bayou_lake_a
D:5:      minmay_opposing_rooms, gammafunk_temple_overflow_elements
D:6:      minmay_misc_feat_hallway, corexii_corridor_pit, kennysheep_nub,
          minmay_misc_feat_doors, uniq_duvessa, uniq_eustachio
D:7:      basic_altar, uniq_crazy_yiuf_cottage
D:8:      eat_drink_and_be_merry_uskayaw, minmay_lair_entry_lava
D:9:      overflow_temple_1_default, grunt_ogre_cave, fedhas_altar_2
D:10:     minmay_bloctagon, orc_david_3
Orc:1:    serial_shops, uniq_nergalle
Abyss:1:  hangedman_abyss_feature_spike, evilmike_abyss_exit_mutagenic

Skill      XL: |  1  2  3  4  5  6  7  8  9 |
---------------+----------------------------+-----
Dodging        | 2 3 |  3.5
Invocations    | 2 3 4 5 6 7 |  7.5
Unarmed Combat | 3 4 6 7 9 11 | 11.3
Fighting       | 3 |  3.5

Action                   |  1- 3 |  4- 6 |  7- 9 | 10-12 || total
-------------------------+-------+-------+-------+-------++-------
Melee: Unarmed           |    76 |   196 |   272 |    35 ||   579
       Punch             |       |       |     8 |     1 ||     9
Throw: Throwing net      |       |     1 |       |       ||     1
Invok: Depart the Abyss  |     1 |       |       |       ||     1
       Banish            |       |       |     1 |     2 ||     3
Evoke: Wand              |       |       |     1 |       ||     1
  Use: Scroll            |       |     1 |       |       ||     1
       Potion            |       |       |       |     1 ||     1
  Eat: Chunk             |     6 |    14 |    28 |     1 ||    49
       Pizza             |       |       |     1 |       ||     1
Armor: Fire dragon hide  |    44 |    79 |    61 |    14 ||   198
       Skin              |       |       |     1 |       ||     1
Dodge: Dodged            |    26 |    60 |    69 |    14 ||   169
Block: Other             |    15 |    32 |    33 |     5 ||    85
       Reflection        |     1 |       |     1 |       ||     2
